 Dungeon Crawl Stone Soup version 0.29-a0-393-g47a863cc1b (webtiles) character file.

Game seed: 11801522301363774553

390 exoticbruise the Skirmisher (level 6, -1/66 HPs)
             Began as an Octopode Wanderer on May 10, 2022.
             Was an Initiate of Gozag.
             Succumbed to a kobold brigand's curare-tipped dart
             ... on level 4 of the Dungeon.
             The game lasted 00:04:43 (4743 turns).

exoticbruise the Skirmisher (Octopode Wanderer)     Turns: 4743, Time: 00:04:44

Health: -1/66      AC: 23    Str:  6 (9)  XL:     6   Next: 80%
Magic:  7/7        EV:  2    Int: 16 (18) God:    Gozag
Gold:   214        SH:  0    Dex: 11 (12) Spells: 1/7 levels left

rFire   . . .      SeeInvis .   x - +2 spear (venom)
rCold   . . .      Faith    .   (no shield)
rNeg    . . .      Spirit   .   (helmet currently unavailable)
rPois   +          Reflect  .   (no amulet)
rElec   .          Harm     .   (no ring)
rCorr   .          Rampage  .   (no ring)
Will    .....      NoTele   +   (no ring)
Stlth   +.........              (no ring)
HPRegen 0.21/turn               (no ring)
MPRegen 0.10/turn               (no ring)
                                (no ring)
                                (no ring)

@: lethally poisoned (-1 -> -3), tree-form, slowed, very slow
A: stationary, stasis, torment immunity, boosted hp, almost no armour,
(amphibious), 8 rings, (camouflage 1), (gelatinous body 1), (nimble swimmer 1),
(tentacles)
a: Renounce Religion, Potion Petition, Call Merchant, Bribe Branch


You were on level 4 of the Dungeon.
You worshipped Gozag.
Gozag was aware of your devotion.
You were a tree.
You visited 2 branches of the dungeon, and saw 5 of its levels.

You collected 253 gold pieces.
You paid 39 gold pieces to Gozag.

Inventory:

Hand Weapons
 a - a +0 dagger
 f - a +0 long sword
 g - a +1 dagger of flaming
 r - a +0 scimitar
 s - a +0 vorpal hand axe
 x - a +2 spear of venom (weapon)
 A - a +0 trident
Missiles
 b - 2 throwing nets (quivered) {!f}
 v - 5 atropa-tipped darts
 z - 4 poisoned darts
Armour
 e - a +0 hat (melded)
Jewellery
 y - an amulet of faith
Wands
 c - a wand of flame (24)
Scrolls
 d - 2 scrolls of teleportation {@r3}
 h - a scroll of fog {unknown}
 i - 2 scrolls of noise {unknown}
 k - a scroll of silence {unknown}
 l - 2 scrolls of enchant armour {unknown}
 n - a scroll of blinking {unknown}
 p - a scroll of magic mapping {unknown}
 t - 3 scrolls of identify {unknown}
 u - a scroll of amnesia {unknown}
 w - a scroll of torment {unknown}
Potions
 j - 3 potions of lignification
 m - a potion of degeneration
 o - a potion of brilliance {unknown}
 q - 2 potions of heal wounds {unknown}


   Skills:
 - Level 4.7 Fighting
 * Level 2.3 Long Blades
 - Level 1.0 Throwing
 - Level 3.7 Dodging
 - Level 1.0 Spellcasting
 - Level 2.0 Air Magic
 - Level 4.1 Evocations


You had one spell level left.
You knew the following spells:

 Your Spells              Type           Power      Damage    Failure   Level
a - Blink                 Tloc           0%         N/A       34%         2
b - Passage of Golubria   Tloc           0%         N/A       92%         4

Your spell library contained the following spells:

 Spells                   Type           Power      Damage    Failure   Level
 Corpse Rot               Necr/Air       8%         N/A       22%         2
 Poisonous Vapours        Pois/Air       8%         N/A       22%         2
 Lesser Beckoning         Tloc           0%         N/A       56%         3
 Tukima's Dance           Hex            0%         N/A       56%         3
 Manifold Assault         Tloc           0%         N/A       99%         5
 Yara's Violent Unravell  Hex/Tmut       0%         3d3       99%         5


Dungeon Overview and Level Annotations

Branches:
Dungeon (4/15)             Temple (1/1) D:4

Altars:
Ashenzari
Dithmenos
Elyvilon
Gozag
Kikubaaqudgha
Makhleb
Qazlal
Ru
Wu Jian
The Shining One
Lugonu

Annotations:
D:3 Grinder
D:4 Sigmund


Innate Abilities, Weirdness & Mutations

You are a tree.
Your roots penetrate the ground, keeping you stationary.
You cannot be teleported.
You are immune to unholy pain and torment.
Your maximum health is greatly increased.
You cannot wear most types of armour.
((You are amphibious.))
You can wear up to eight rings at the same time.
((Your skin changes colour to match your surroundings (Stealth+).))
((Your rubbery body absorbs attacks. (AC +1, EV +1)))
((You are camouflaged when in or above water. (Stealth+)))
((You have tentacles for arms and can constrict up to eight enemies at once.))


Message History

The curare-tipped dart hits you.
You are more poisoned.
You have difficulty breathing.
You feel as though you will be slow longer.
You reach to attack!
You closely miss the kobold brigand.
You feel very sick.
The kobold brigand throws a curare-tipped dart.
The curare-tipped dart barely misses you.
The kobold brigand throws a curare-tipped dart.
The curare-tipped dart barely misses you.
You are too injured to fight recklessly!
You are too injured to fight recklessly!
You are too injured to fight recklessly!
You are too injured to fight recklessly!
A kobold brigand is nearby!
You feel very sick.
The kobold brigand hits you with a +0 dagger.
The kobold brigand misses you.
You hit the kobold brigand but do no damage.
You grab the kobold brigand.
You constrict the kobold brigand, but do no damage.
You feel very sick.
The kobold brigand hits you with a +0 dagger.
* * * LOW HITPOINT WARNING * * *
You hit the kobold brigand.
The kobold brigand is poisoned.
You constrict the kobold brigand.
You feel sick.
The kobold brigand hits you with a +0 dagger.
* * * LOW HITPOINT WARNING * * *
The kobold brigand closely misses you.
It was a potion of lignification.
You turn into a tree.
Your +0 hat melds into your body.
Your roots penetrate the ground.
You lose your grip on the kobold brigand.
* * * LOW HITPOINT WARNING * * *
You feel sick.
The kobold brigand hits you but does no damage.
It was a potion of degeneration.
There was something very wrong with that liquid.
You feel weakened.
You feel dopey.
You feel clumsy.
You die...
Your body crumbles into a pile of gold.

#................
#........#######.
####.##### #.#
##'## ##...##
##.....##
##.......##
#...♣.....#
+...K.....+
#.........#
##.......##
##.....## ##...##
##+##


You could see a kobold brigand (very poisoned).

Vanquished Creatures
  A kobold brigand (D:4)
  2 orc priests
  Terence (D:3)
  An iguana (D:4)
  2 orc wizards (D:4)
  8 adders
  A white imp (D:4)
  2 dart slugs (D:1)
  10 orcs
  9 ball pythons
  5 endoplasms
  5 giant cockroaches
  6 hobgoblins
  3 quokkas
  6 bats
  3 frilled lizards (D:1)
  4 goblins
  3 kobolds
  4 rats
76 creatures vanquished.

Notes
Turn   | Place    | Note
-------+----------+-------------------------------------------
     0 | D:1      | exoticbruise the Octopode Wanderer began the quest for the
                  | Orb.
     0 | D:1      | exoticbruise set off with the following items: a +0 dagger,
                  | 2 throwing nets {!f}, a wand of flame (7), a scroll of
                  | teleportation {@r3}, a +0 hat; and the following spells
                  | available to memorise: Corpse Rot, Poisonous Vapours
     0 | D:1      | Reached XP level 1. HP: 13/13 MP: 2/2
    13 | D:1      | You fall into a shaft and drop 1 floor!
   194 | D:1      | Reached XP level 2. HP: 19/19 MP: 3/3
   489 | D:1      | Reached XP level 3. HP: 25/25 MP: 4/4
   492 | D:1      | Learned a level 2 spell: Blink
  1862 | D:3      | Found a faded altar of an unknown god.
  1905 | D:3      | Noticed Grinder
  1937 | D:3      | Noticed Terence
  1945 | D:3      | Killed Terence
  1946 | D:3      | Reached XP level 4. HP: 23/31 MP: 5/5
  2215 | D:3      | Reached XP level 5. HP: 18/37 MP: 6/6
  3168 | D:3      | Learned a level 4 spell: Passage of Golubria
  3177 | D:4      | Found a staircase to the Ecumenical Temple.
  3189 | Temple   | Entered the Ecumenical Temple
  3299 | Temple   | Became a worshipper of Gozag Ym Sagoz the Greedy
  3558 | D:4      | Noticed Sigmund
  3581 | D:4      | Reached XP level 6. HP: 44/44 MP: 7/7
  4173 | D:4      | Reached skill level 1 in Long Blades
  4690 | D:4      | Found a sacrificial altar of Ru.
  4741 | D:4      | HP: 1/44 [kobold brigand/+0 dagger (5)]
  4743 | D:4      | Succumbed to a kobold brigand's curare-tipped dart

Illustrated notes

Levels and vault maps discovered:
D:1:      beargit_arrival_diablo_church, layout_basic, serial_rivers,
          chequers_serial_rivers_micro_b, chequers_serial_rivers_micro_b,
          chequers_serial_rivers_large_a, chequers_serial_rivers_small_3,
          minmay_hexomino_u4
D:2:      layout_basic, st_stairs_12
D:3:      layout_loops_ring, shapermc_ecumenical_altar_flowoftime,
          dreamdust_princess_bridge, uniq_terence, uniq_grinder
D:4:      layout_loops_corners, nicolae_ru_path_of_blood,
          mainiacjoe_overflow_alcove_4, minmay_temple_entry_trees, uniq_sigmund,
          uniq_pikel, uniq_robin
Temple:   kb_corrupted_temple

Skill      XL: |  1  2  3  4  5  6 |
---------------+-------------------+-----
Fighting       | 2 3 4 |  4.7
Dodging        | 3 |  3.7
Evocations     | 4 |  4.1
Long Blades    | 2 |  2.3
Throwing       | |  1.0
Spellcasting   | |  1.0
Air Magic      | |  2.0

Action                   |  1- 3 |  4- 6 || total
-------------------------+-------+-------++-------
Melee: Dagger            |    89 |    34 ||   123
       Constrict         |    13 |    26 ||    39
       Tentacles         |    15 |    21 ||    36
       Punch             |       |     2 ||     2
       Spear             |       |    80 ||    80
Throw: Throwing net      |     1 |       ||     1
Evoke: Wand              |       |     1 ||     1
  Use: Potion            |       |     2 ||     2
 Stab: Sleeping          |     8 |     7 ||    15
       Distracted        |       |     1 ||     1
Armor: Skin              |    10 |     4 ||    14
Dodge: Dodged            |    52 |    55 ||   107

Table legend: (Time is in decaauts)
 A = Elapsed time spent in this place.
 B = Non-inter-level travel time spent in this place.
 C = Inter-level travel time spent in this place.
 D = Time resting spent in this place.
 E = Time spent auto-exploring this place.
 F = Levels seen in this place.
 G = Mean time per level.
                   A        B        C        D        E       F      G
               +--------+--------+--------+--------+--------+-----+--------+
         Total |   4753 |   4623 |    130 |   1224 |   2773 |   5 |  950.6 |
       Dungeon |   4626 |   4516 |    110 |   1224 |   2708 |   4 | 1156.5 |
        Temple |    126 |    106 |     20 |      0 |     65 |   1 |  126.0 |
               +--------+--------+--------+--------+--------+-----+--------+

Top non-repeatable levels by time:
     D:4: 1458 daAuts
     D:3: 1330 daAuts
     D:1: 1109 daAuts
     D:2: 729 daAuts
  Temple: 126 daAuts
